 Dungeon Crawl Stone Soup version 0.31-a0-1338-gb567cfdca4 (webtiles) character file.

Game seed: 1218179420696376442

75 croobank the Ruffian (level 3, 0/29 HPs)
             Began as a Demigod Shapeshifter on Dec 21, 2023.
             Slain by an ogre
             ... wielding a +0 giant club
              (19 damage)
             ... on level 3 of the Dungeon.
             The game lasted 00:07:29 (2083 turns).

croobank the Ruffian (Demigod Shapeshifter)         Turns: 2083, Time: 00:07:30

Health: 0/29       AC:  2    Str: 15    XL:     3   Next: 88%
Magic:  5/5        EV: 12    Int: 16    God:
Gold:   128        SH:  0    Dex: 13    Spells: 2/2 levels left

rFire   . . .        a - +1 dagger (speed)
rCold   . . .        (no shield)
rNeg    . . .        g - +0 animal skin
rPois   .            (helmet currently unavailable)
rElec   .            (cloak currently unavailable)
rCorr   .            (gloves currently unavailable)
SInv    .            (boots currently unavailable)
Will    .....        (no amulet)
Stlth   +            (no ring)
HPRegen 0.24/turn    (no ring)
MPRegen 0.09/turn

%: no passive effects
@: beast-form
A: beast (slay +1), high MP 1, forlorn, divine attributes
a: Begin Untransformation


You were on level 3 of the Dungeon.
You were a hulking beast.
You visited 1 branch of the dungeon, and saw 3 of its levels.

You collected 128 gold pieces.

Inventory:

Hand Weapons
 a - a +1 dagger of speed (weapon)
 b - a +0 sling
 k - a +0 dagger
Armour
 g - a +0 animal skin (worn)
Magical Staves
 f - a staff of earth
Jewellery
 e - a ring of wizardry
 m - an amulet of magic regeneration
Talismans
 c - a beast talisman
 d - a flux talisman
Wands
 t - a wand of iceblast (9)
Scrolls
 i - a scroll of noise
 o - a scroll of immolation {unknown}
 p - a scroll of blinking {unknown}
 s - a scroll of identify {unknown}
 u - 2 scrolls of teleportation {unknown}
 v - a scroll of fog {unknown}
Potions
 h - a potion of berserk rage {unknown}
 j - a potion of mutation {unknown}
 l - a potion of magic {unknown}
 q - a potion of enlightenment {unknown}
 w - a potion of haste {unknown}
 x - a potion of resistance {unknown}
 z - a potion of heal wounds {unknown}
 A - a potion of curing {unknown}


   Skills:
 + Level 1.9 Fighting
 + Level 2.5 Dodging
 + Level 3.2 Unarmed Combat
 + Level 3.1 Shapeshifting


You had 2 spell levels left.
You didn't know any spells.
Your spell library contained the following spells:

 Spells                   Type           Power      Damage    Failure   Level
 Slow                     Hex            0%         N/A       26%         1
 Confusing Touch          Hex            0%         N/A       58%         3
 Dazzling Flash           Conj/Hex       0%         N/A       58%         3
 Sigil of Binding         Hex            0%         N/A       58%         3
 Vampiric Draining        Necr           0%         2d6       58%         3
 Volatile Blastmotes      Fire/Tloc      0%         2d10      58%         3
 Starburst                Conj/Fire      0%         6d3       100%        6
 Maxwell's Capacitive Co  Air            0%         ∞         100%        8


Dungeon Overview and Level Annotations

Branches:
Dungeon (3/15)

Portals:
Abyss: D:3

Annotations:
D:3 1 transporter, Cadnt's ghost, amateur DgFE


Innate Abilities, Weirdness & Mutations

You are a hulking beast.
Your limbs bulge with bestial killing power. (Slay +1)
You have an increased reservoir of magic. (+10% MP)
You shall have no god before yourself.
Your divine heritage dramatically boosts your attributes as you level up.


Message History

Aim: a goblin, wielding a +0 club (47% to hit, chance to blind on hit: 100%)
You throw an atropa-tipped dart.
The atropa-tipped dart barely misses the ogre.
The atropa-tipped dart closely misses the goblin.
The atropa-tipped dart misses the goblin.
Throw: 2 darts (atropa)
Press: ? - help, Q - select action, (/) - cycle Shift-Dir - straight line, f/p - goblin
Aim: a goblin, wielding a +0 club (47% to hit, chance to blind on hit: 100%)
You throw an atropa-tipped dart. The atropa-tipped dart hits the ogre.
The ogre resists.
The ogre barely misses you.
Throw: dart (atropa)
Press: ? - help, Q - select action, (/) - cycle Shift-Dir - straight line, f/p - goblin
Aim: a goblin, wielding a +0 club (45% to hit, chance to blind on hit: 100%)
You throw an atropa-tipped dart. The atropa-tipped dart hits the ogre.
The ogre appears confused.
You hit the ogre.
The ogre is moderately wounded.
The ogre seems less confused.
You hit the ogre.
The ogre is moderately wounded.
The ogre barely misses you.
You barely miss the ogre.
The ogre is moderately wounded.
You hit the ogre.
The ogre is moderately wounded.
The ogre barely misses you.
You catch the helpless ogre completely off-guard!
You hit the ogre.
The ogre is heavily wounded.
You hit the ogre.
The ogre is severely wounded.
The ogre is no longer blind.
The ogre hits you with a +0 giant club.
You hit the ogre.
The ogre is severely wounded.
Unknown command.
The ogre attacks as it pursues you!
The ogre hits you with a +0 giant club!!
Ouch! That really hurt!
You die...

.#...#.)).......(..#
.##.##)#########.#.#
.##.##.# #.(.#
.......# ### #(###
###.########.# #g#
.g........##.###g#
#....).........#.#
#............#.#O#
#.........##.#<#h#
....########.###.#
....#............#
....##############
......... ...
#...###### #.## .# #
##........ ... .#.# #
......######.###.#.#.#
.....................


You could see an ogre and 2 goblins.

Vanquished Creatures
  2 adders (D:2)
  A dart slug (D:2)
  An orc (D:3)
  3 ball pythons
  4 bats
  3 endoplasms
  4 giant cockroaches
  9 goblins
  6 hobgoblins
  5 kobolds
  2 quokkas (D:1)
  3 frilled lizards
  7 rats
50 creatures vanquished.

Notes
Turn   | Place    | Note
-------+----------+-------------------------------------------
     0 | D:1      | croobank the Demigod Shapeshifter began the quest for the
                  | Orb.
     0 | D:1      | Reached XP level 1. HP: 15/15 MP: 3/3
    89 | D:1      | Reached skill level 1 in Fighting
   350 | D:1      | Reached XP level 2. HP: 9/23 MP: 4/4
   360 | D:1      | HP: 1/23 [quokka (1)]
   995 | D:2      | Reached XP level 3. HP: 28/28 MP: 5/5
  1492 | D:3      | Found a one-way gate to the infinite horrors of the Abyss.
  1492 | D:3      | Noticed Cadnt's ghost (amateur DgFE)
  1506 | D:3      | Noticed a kobold brigand
  1902 | D:3      | Noticed a small abomination
  1903 | D:3      | Found a transporter.
  2033 | D:3      | Noticed an ogre
  2083 | D:3      | Slain by an ogre

Illustrated notes

Levels and vault maps discovered:
D:1:      elethiomel_arrival_infinity_welcomes_careful_drivers, layout_rooms
D:2:      layout_basic, chequers_ecumenical_altar_island
D:3:      layout_basic, gammafunk_ghost_abyssal_escape, minmay_ogre_servants

Skill      XL: |  1  2 |
---------------+-------+-----
Fighting       | 1 |  1.9
Dodging        | 2 |  2.5
Unarmed Combat | 3 |  3.2
Shapeshifting  | 3 |  3.1

Action                     || total
---------------------------++-------
  Melee: Dagger            ||    76
         Punch             ||     3
         Unarmed           ||     2
   Fire: Sling             ||    97
  Throw: Dart              ||     6
    Use: Potion            ||     1
         Scroll            ||     2
   Stab: Invisible         ||     1
 Armour: Animal skin       ||    68
         Skin              ||     1
  Dodge: Dodged            ||    83

Table legend: (Time is in decaauts)
 A = Elapsed time spent in this place.
 B = Non-inter-level travel time spent in this place.
 C = Inter-level travel time spent in this place.
 D = Time resting spent in this place.
 E = Time spent auto-exploring this place.
 F = Levels seen in this place.
 G = Mean time per level.
                   A        B        C        D        E       F      G
               +--------+--------+--------+--------+--------+-----+--------+
         Total |   2111 |   2057 |     54 |    162 |   1400 |   3 |  703.7 |
       Dungeon |   2111 |   2057 |     54 |    162 |   1400 |   3 |  703.7 |
               +--------+--------+--------+--------+--------+-----+--------+

Top non-repeatable levels by time:
     D:1: 860 daAuts
     D:3: 730 daAuts
     D:2: 520 daAuts
